 Dungeon Crawl Stone Soup version 0.25.1-8-g42b30a86e7 (webtiles) character file.

Game seed: 12064559583236934385

18 Abzac the Grasshopper (level 2, 0/19 HPs)
             Began as a Halfling Warper on Dec 20, 2020.
             Slain by a jackal (3 damage)
             ... on level 1 of the Dungeon.
             The game lasted 00:02:12 (374 turns).

Abzac the Grasshopper (Halfling Warper)              Turns: 374, Time: 00:02:13

Health: 0/19       AC:  3    Str: 12    XL:     2   Next: 85%
Magic:  4/4        EV: 14    Int: 11    God:
Gold:   38         SH:  0    Dex: 13    Spells: 4/4 levels left

rFire    . . .     SeeInvis .   a - +0 short sword
rCold    . . .     Gourm    .   (shield restricted)
rNeg     . . .     Faith    .   b - +0 leather armour
rPois    .         Spirit   .   (no helmet)
rElec    .         Reflect  .   (no cloak)
rCorr    .         Harm     .   (no gloves)
MR       .....                  (no boots)
Stlth    +.........             (no amulet)
HPRegen  0.06/turn              (no ring)
MPRegen  0.09/turn              (no ring)

@: no status effects
A: small, mutation resistance 1
a: no special abilities


You were on level 1 of the Dungeon.
You were not hungry.

You visited 1 branch of the dungeon, and saw 1 of its levels.

You collected 38 gold pieces.

Inventory:

Hand Weapons
 a - a +0 short sword (weapon)
Missiles
 e - 5 boomerangs of dispersal (quivered)
Armour
 b - a +0 leather armour (worn)
Scrolls
 d - a scroll of blinking
Comestibles
 f - a ration


   Skills:
 - Level 1.7 Fighting
 * Level 3.2 Short Blades
 - Level 1.0 Throwing
 - Level 1.1 Armour
 - Level 2.1 Dodging
 + Level 1.1 Stealth
 + Level 1.8 Spellcasting
   Level 3.2 Translocations


You had 4 spell levels left.
You didn't know any spells.
Your spell library contained the following spells:

 Spells                   Type           Power        Failure   Level  Hunger
 Blink                    Tloc           N/A          16%         2    ###....
 Shroud of Golubria       Chrm/Tloc      #.....       28%         2    ###....
 Gell's Gravitas          Tloc           #.........   30%         3    ####...
 Lesser Beckoning         Tloc           #.........   30%         3    ####...
 Teleport Other           Tloc           #.......     30%         3    ####...
 Passage of Golubria      Tloc           N/A          69%         4    #####..


Dungeon Overview and Level Annotations

Branches:
Dungeon (1/15)

Altars:


Innate Abilities, Weirdness & Mutations

You are small and have problems with some larger weapons.
You are somewhat resistant to further mutation.


Message History

You barely miss the jackal. The jackal barely misses you.
You completely miss the jackal. The jackal closely misses you.
You hit the jackal but do no damage.
The jackal bites you but does no damage.
The jackal bites you.
You barely miss the jackal. The jackal completely misses you.
You hit the jackal but do no damage. The jackal barely misses you.
You completely miss the jackal. The jackal closely misses you.
The jackal bites you.
Your leather armour prevents you from hitting the jackal.
The jackal bites you.
You closely miss the jackal. The jackal bites you.
* * * LOW HITPOINT WARNING * * *
You hit the jackal.
The jackal is severely wounded.
The jackal closely misses you.
You hit the jackal but do no damage.
The jackal is severely wounded.
The jackal bites you.
You die...

.§§.§.≈....§≈§..§.#
≈≈≈.§≈≈.<.≈≈§§§≈§.# .. ....
≈...≈.§...§§§.§.§.# h# ....
≈.#.≈.≈≈≈.≈§§≈§.###
#.#....... #.≈§..≈..§§§..#.#
#.#......#
#.≈≈≈.≈≈≈≈≈.###.###........
#..§≈...§...)...#........#
#.#.≈≈≈.#########.#÷....#
#.#...≈.§....h@.#...#...##
#.###.≈≈§≈.######.....#..###
#. #....≈...ggr§§..........
#####≈≈≈≈≈§§§§#.........
..........§............
...#..........##........
.........#####.....%.....
....##.### #..#.........
.### #. #..#...^.....


You could see a jackal.

Vanquished Creatures
  A leopard gecko (D:1)
  A giant cockroach (D:1)
  3 goblins (D:1)
  3 jackals (D:1)
  2 bats (D:1)
  2 frilled lizards (D:1)
  A kobold (D:1)
  4 rats (D:1)
17 creatures vanquished.

Notes
Turn   | Place    | Note
-------+----------+-------------------------------------------
     0 | D:1      | Abzac the Halfling Warper began the quest for the Orb.
     0 | D:1      | Reached XP level 1. HP: 14/14 MP: 3/3
    75 | D:1      | Reached XP level 2. HP: 9/19 MP: 4/4
   299 | D:1      | Reached skill level 1 in Stealth
   374 | D:1      | Slain by a jackal

Illustrated notes

Levels and vault maps discovered:
D:1:      psy_arrival_radial02, layout_rooms, chequers_serial_rivers_marsh,
          minmay_pentomino_z4

Skill      XL: |  1  2 |
---------------+-------+-----
Short Blades   | 3 |  3.2
Stealth        | 1 |  1.1
Fighting       | |  1.7
Throwing       | |  1.0
Armour         | |  1.1
Dodging        | |  2.1
Spellcasting   | |  1.8
Translocations | |  3.2

Action                   || total
-------------------------++-------
Melee: Short sword       ||    76
Armor: Leather armour    ||    24
Dodge: Dodged            ||    66
